Map: 莱瑞拉克之冠

Players

ZooWhaleTail

  • Race: Zerg Zerg
  • League: Master

iGXiGua - Winner!

  • Race: Zerg Zerg
  • League: Master

Event: GPL 2015 - Grand Finals

VOD

Have the link to the VOD?

Description

Time

  • Played on: Jan. 23, 2016, 11:49 p.m.
  • Length: 10:58

All games in this series

Show
View Real Time Build Order
Export as new Build Order

ZooWhaleTail Zerg 

Build Orders: Pool First, Zergling Baneling 

Get SALT Encoding   

  12  0:00  Drone  
  13  0:15  Extractor  
  12  0:25  Spawning Pool  
  12  0:27  Drone  
  12  0:32  Drone  
  13  0:38  Drone  
  14  0:49  Overlord  
  14  1:13  Zergling x4  
  14  1:14  Metabolic Boost  
  16  1:21  Queen  
  18  1:25  Zergling x2  
  19  1:38  Baneling Nest  
  18  1:41  Zergling x2  
  18  1:45  Zergling x2  
  20  1:50  Zergling x2  
  21  2:05  Zergling x2  
  22  2:11  Overlord  
  22  2:32  Baneling x3  
  22  2:43  Zergling x8  
  25  3:02  Zergling x2  
  25  3:15  Zergling x2  
  25  3:16  Zergling x6  
  27  3:25  Zergling x2  
  25  3:33  Zergling x2  
  25  3:37  Baneling x2  
  25  3:38  Baneling  
  25  3:39  Baneling  
  25  3:40  Zergling x2  
  25  3:49  Zergling x6  
  28  4:01  Zergling x2  
  26  4:15  Zergling x8  
  26  4:25  Baneling x2  
  26  4:26  Zergling x2, Baneling  
  26  4:40  Zergling x2  
  26  4:50  Zergling x2  
  26  4:51  Zergling x6  
  28  4:59  Baneling  
  26  5:00  Zergling x2  
  26  5:12  Zergling x2  
  23  5:16  Baneling x2  
  23  5:26  Zergling x2  
  23  5:27  Baneling x2  
  23  5:33  Zergling x4  
  23  5:34  Zergling x2  
  25  5:39  Zergling x2  
  26  5:46  Zergling x2  
  27  5:57  Zergling x2  
  27  6:06  Zergling x2  
  27  6:07  Zergling x2, Hatchery  
  27  6:18  Zergling x4  
  28  6:25  Baneling  
  28  6:26  Baneling x2  
  27  6:40  Zergling x4  
  27  6:46  Baneling  
  27  6:47  Baneling  
  27  6:48  Zergling x4  
  25  7:08  Zergling x6  
  26  7:09  Zergling x2  
  26  7:13  Baneling  
  23  7:24  Drone x2  
  23  7:27  Drone  
  24  7:37  Drone x2  
  25  7:45  Drone  
  25  7:48  Drone  
  27  7:57  Drone x2  
  27  8:05  Zergling x6  
  27  8:08  Zergling x2  
  28  8:16  Overlord  
  28  8:24  Zergling x6  
  31  8:28  Zergling x2  
  32  8:36  Zergling x2  
  32  8:37  Zergling x4  
  35  8:43  Baneling x3  
  35  8:44  Baneling  
  35  8:46  Zergling x2  
  36  8:54  Zergling x2  
  35  8:56  Baneling x3  
  33  9:09  Zergling x6  
  33  9:10  Zergling x2  
  33  9:11  Zergling x2  
  33  9:14  Zergling x2  
  34  9:23  Baneling  
  34  9:24  Baneling x6  
  34  9:26  Zergling x2  
  35  9:35  Zergling x4  
  35  9:36  Zergling x2  
  37  9:45  Zergling x4  
  39  9:48  Overlord  
  39  9:51  Baneling x3  
  39  9:59  Drone x2  
  37  10:01  Drone  
  37  10:04  Drone  
  37  10:06  Drone  
  40  10:12  Drone x2  
  42  10:15  Drone  
  44  10:21  Drone x2  
  45  10:29  Roach Warren  
  45  10:30  Extractor  
  46  10:44  Spine Crawler  
Show
View Real Time Build Order
Export as new Build Order

iGXiGua Zerg - Winner!

Build Orders: Pool First, Zergling Baneling 

Get SALT Encoding   

  12  0:01  Drone  
  13  0:08  Drone  
  14  0:16  Overlord  
  14  0:22  Extractor  
  14  0:24  Drone  
  15  0:35  Drone x2  
  17  0:44  Spawning Pool  
  17  0:47  Extractor  
  17  0:49  Drone  
  16  0:55  Drone  
  17  1:17  Hatchery  
  16  1:31  Zergling x2  
  16  1:32  Queen  
  19  1:37  Drone  
  20  1:41  Drone  
  20  1:45  Zergling x2  
  22  1:51  Metabolic Boost  
  22  1:59  Overlord  
  22  2:07  Baneling Nest  
  21  2:11  Zergling x2  
  22  2:17  Overlord  
  22  2:27  Zergling x2  
  23  2:33  Zergling x2  
  24  2:41  Zergling x2  
  24  2:42  Zergling x4  
  24  2:43  Zergling x4  
  27  2:51  Baneling x3  
  27  2:55  Zergling x2  
  27  2:56  Zergling x2  
  27  3:03  Baneling  
  27  3:05  Zergling x4  
  27  3:10  Baneling  
  25  3:26  Zergling x2  
  23  3:29  Zergling x2  
  23  3:30  Zergling x4  
  23  3:33  Zergling x2  
  26  3:35  Drone  
  26  3:40  Queen  
  29  3:43  Zergling x2  
  29  3:45  Baneling x2  
  30  3:54  Baneling x2  
  26  4:12  Zergling x10  
  24  4:23  Baneling  
  23  4:24  Zergling x2  
  23  4:29  Baneling  
  24  4:37  Drone  
  25  4:41  Baneling  
  22  4:47  Zergling x2  
  22  4:49  Baneling  
  20  4:55  Zergling x2  
  20  4:58  Zergling x2  
  20  4:59  Zergling x2  
  22  5:07  Zergling x2  
  20  5:15  Zergling x2  
  20  5:16  Baneling  
  21  5:26  Baneling  
  18  5:36  Drone  
  18  5:42  Baneling  
  19  5:49  Drone x2  
  21  5:56  Drone  
  22  6:02  Baneling  
  22  6:04  Drone  
  23  6:12  Baneling  
  22  6:23  Drone  
  22  6:27  Baneling  
  22  6:35  Zergling x2  
  23  6:42  Zergling x4  
  23  6:46  Baneling  
  25  6:50  Zergling x2  
  25  6:53  Zergling x2  
  27  6:55  Baneling  
  27  7:01  Baneling  
  26  7:02  Baneling x2  
  26  7:12  Drone x2  
  26  7:15  Baneling  
  26  7:26  Drone x2  
  26  7:28  Drone  
  29  7:36  Drone  
  30  7:41  Baneling x2  
  30  7:43  Baneling  
  30  7:44  Spine Crawler  
  30  7:48  Drone  
  30  7:51  Drone  
  29  8:06  Drone  
  29  8:07  Drone x3  
  33  8:14  Drone  
  33  8:17  Drone x3  
  37  8:20  Zergling x2  
  37  8:25  Drone  
  39  8:33  Zergling x2  
  39  8:35  Roach Warren  
  39  8:41  Zergling x4  
  40  8:42  Baneling x2  
  40  8:44  Overlord  
  40  8:46  Overlord  
  40  8:55  Zergling x2  
  40  8:56  Baneling  
  40  8:57  Baneling  
  40  9:05  Baneling  
  40  9:06  Zergling x10  
  43  9:10  Queen  
  44  9:18  Zergling x8  
  44  9:21  Roach x2  
  52  9:25  Roach  
  52  9:26  Extractor  
  52  9:28  Roach  
  55  9:32  Overlord  
  55  9:36  Roach  
  56  9:39  Overlord  
  56  9:42  Roach  
  58  9:51  Drone x2  
  58  9:52  Drone x2  
  62  9:58  Drone  
  61  10:06  Roach  
  61  10:07  Roach  
  65  10:09  Baneling x2  
  65  10:10  Baneling x3  
  65  10:13  Zergling x4  
  67  10:16  Roach  
  67  10:21  Roach  
  71  10:24  Overlord  
  71  10:27  Roach  
  73  10:31  Roach  
  73  10:33  Overlord  
  75  10:39  Overlord  
Tags
 
Add a new tag
Caveats
  • Supply blocks, unpowered buildings, or Contaminate may cause inaccurate times.
  • Supply counts are checked every 10 seconds.